[Event "December 12 Early 2023"]
[Site "https://www.chess.com"]
[Date "2023.12.12"]
[Round "6"]
[White "Goncalves, Davi Sulzbacher"]
[Black "Borgaonkar Akshay"]
[Result "0-1"]
[Board "96"]
[TimeControl "180+1"]
[WhiteFideId "2154510"]
[BlackFideId "25639110"]
[WhiteElo "2475"]
[BlackElo "2612"]
[WhiteTeam "BRA"]
[BlackTeam "IND"]
[WhiteClock "0:00:06"]
[BlackClock "0:01:32"]

1. d4 e6 2. c4 Nf6 3. Nf3 b6 4. Bg5 Bb7 5. Nc3 Bb4 6. e3 h6 7. Bh4 g5 8. Bg3 Ne4 9. Qb3 a5 10. Bd3 Nxg3 11. hxg3 Be7 12. d5 Na6 13. Ne4 Bb4+ 14. Kf1 Nc5 15. Nxc5 Bxc5 16. Qc3 Rf8 17. Rxh6 Qe7 18. Qe5 O-O-O 19. Qxg5 f6 20. Qh5 f5 21. Ne5 Qg7 22. Nf3 Rh8 23. Rxh8 Rxh8 0-1

[Event "December 12 Early 2023"]
[Site "https://www.chess.com"]
[Date "2023.12.12"]
[Round "6"]
[White "Hrebenshchykova, Yelyzaveta"]
[Black "Spata, German"]
[Result "0-1"]
[Board "97"]
[TimeControl "180+1"]
[WhiteFideId "14159899"]
[BlackFideId "113026"]
[WhiteElo "2472"]
[BlackElo "2604"]
[WhiteTeam "UKR"]
[BlackTeam "ARG"]
[WhiteClock "0:00:00"]
[BlackClock "0:00:42"]

1. e4 e6 2. d4 d5 3. Nc3 dxe4 4. Nxe4 Bd7 5. Nf3 Bc6 6. Bd3 Nd7 7. O-O Ngf6 8. Bg5 Be7 9. Ned2 b6 10. c4 O-O 11. Qc2 Bb7 12. Rad1 h6 13. Bh4 c5 14. Rfe1 Re8 15. a3 Qc7 16. Bg3 Bd6 17. dxc5 Nxc5 18. Bf1 Bxg3 19. hxg3 Rac8 20. b4 Ncd7 21. Nd4 a6 22. N2b3 Red8 23. Rc1 Qb8 24. Bd3 Ne5 25. Bf1 Ned7 26. f3 Qxg3 27. Qf2 Qxf2+ 28. Kxf2 Rc7 29. Rcd1 Rdc8 30. f4 g6 31. g3 h5 32. Bh3 Nf8 33. Bf1 Kg7 34. c5 Ne4+ 35. Kg1 bxc5 36. bxc5 Nxc5 37. Na5 Bd5 38. Rb1 Nfd7 39. Rec1 Ne4 40. Rxc7 Rxc7 41. Re1 Nxg3 42. Bd3 Nc5 43. Bc2 Nf5 44. Bxf5 gxf5 45. Kf2 Ne4+ 46. Ke3 Rc3+ 47. Ke2 Rxa3 48. Rg1+ Kf6 49. Nac6 Ra2+ 50. Ke3 Ra3+ 51. Ke2 Bc4+ 0-1

[Event "December 12 Early 2023"]
[Site "https://www.chess.com"]
[Date "2023.12.12"]
[Round "6"]
[White "Begunov, Konstantin"]
[Black "Kavyev, Ruslan"]
[Result "0-1"]
[Board "98"]
[TimeControl "180+1"]
[WhiteFideId "4118510"]
[BlackFideId "34110981"]
[WhiteElo "2435"]
[BlackElo "2603"]
[WhiteTeam "RUS"]
[BlackTeam "RUS"]
[WhiteClock "0:00:00"]
[BlackClock "0:01:57"]

1. d4 Nf6 2. c4 g6 3. f3 Bg7 4. e4 d6 5. Nc3 O-O 6. Be3 Nbd7 7. Nh3 a6 8. Qd2 c5 9. d5 b5 10. cxb5 axb5 11. Nxb5 Ne5 12. Nf2 Ba6 13. a4 Qb6 14. Be2 Bxb5 15. Bxb5 Qxb5 16. axb5 Rxa1+ 17. Nd1 Nc4 18. Qe2 Nxe3 19. Qxe3 Rb8 20. Qb3 Ra5 21. b6 Ra6 22. O-O Raxb6 23. Qa4 Nh5 24. Qd7 Bd4+ 25. Kh1 R6b7 26. Qg4 Nf6 27. Qh4 Ra7 28. g3 Ra1 29. Kg2 Rb1 30. Qf4 Ra8 31. Qd2 Raa1 32. Qd3 Bxb2 33. Ne3 Rxf1 34. Nxf1 Bd4 35. Ne3 Ra2+ 36. Kh3 h5 37. Nc4 Bg1 38. Nd2 c4 39. Qc3 Nd7 40. f4 Nc5 41. Kh4 f6 42. e5 Ne4 43. Qxc4 Rxd2 0-1

[Event "December 12 Early 2023"]
[Site "https://www.chess.com"]
[Date "2023.12.12"]
[Round "6"]
[White "Guliev, Logman"]
[Black "Bazilius, Augustinas"]
[Result "0-1"]
[Board "99"]
[TimeControl "180+1"]
[WhiteFideId "13400061"]
[BlackFideId "12832251"]
[WhiteElo "2587"]
[BlackElo "2426"]
[WhiteTeam "AZE"]
[BlackTeam "LTU"]
[WhiteClock "0:00:00"]
[BlackClock "0:00:06"]

1. e4 c5 2. Nf3 d6 3. d4 cxd4 4. Nxd4 Nf6 5. Nc3 Nc6 6. Bg5 e6 7. Qd2 a6 8. O-O-O Bd7 9. f4 b5 10. Bxf6 gxf6 11. Nxc6 Bxc6 12. Bd3 h5 13. Ne2 e5 14. Rhf1 Bh6 15. Kb1 Ke7 16. Qc3 Rc8 17. Qe1 Bd7 18. fxe5 fxe5 19. Qh4+ Ke8 20. Qxh5 Be6 21. Ng3 Bg7 22. Qf3 Qa5 23. b3 Rxh2 24. Nf5 Bf8 25. Qg3 Rh8 26. Ng7+ Bxg7 27. Qxg7 Kd7 28. Be2 Qc3 29. Rxf7+ Bxf7 30. Qxf7+ Kc6 31. Bg4 Rc7 32. Qd5+ Kb6 33. Qxd6+ Rc6 34. Qd3 Qxd3 35. cxd3 Rd8 36. Be2 Rf6 37. Bf3 Kc5 38. Kc2 Kd4 39. Kd2 Rc8 40. Rh1 Rc3 41. Be2 Rfc6 42. Rh7 Rc2+ 43. Ke1 Rxa2 44. Kf2 Rcc2 45. Rd7+ Kc5 46. Rd5+ Kc6 0-1

[Event "December 12 Early 2023"]
[Site "https://www.chess.com"]
[Date "2023.12.12"]
[Round "6"]
[White "Espinoza Villanueva, Rodrigo"]
[Black "Zivic, Dragan"]
[Result "1-0"]
[Board "100"]
[TimeControl "180+1"]
[WhiteFideId "5140188"]
[BlackFideId "904740"]
[WhiteElo "2586"]
[BlackElo "2414"]
[WhiteTeam "MEX"]
[BlackTeam "SRB"]
[WhiteClock "0:01:12"]
[BlackClock "0:00:22"]

1. Nf3 Nf6 2. b3 b6 3. Bb2 Bb7 4. c4 e6 5. d4 Bb4+ 6. Nbd2 Ne4 7. Qc2 f5 8. a3 Bxd2+ 9. Nxd2 O-O 10. e3 d6 11. Bd3 Nxd2 12. Qxd2 Nd7 13. O-O-O Nf6 14. f3 Qe7 15. Rhe1 a5 16. Kb1 Rae8 17. h3 g6 18. Qc2 e5 19. dxe5 dxe5 20. e4 f4 21. Rc1 Nd7 22. Red1 Nc5 23. Bf1 Bc6 24. Ka2 Rd8 25. Rxd8 Rxd8 26. Rd1 Rxd1 27. Qxd1 a4 28. b4 Nb3 29. Qd3 Bb7 30. Bc3 c5 31. Qd1 Bc6 32. b5 Bb7 33. Bd3 Qd6 34. Bc2 Qxd1 35. Bxd1 Nd4 36. Bxa4 Kf7 37. Bd1 Bc8 38. a4 Be6 39. Bb3 Ke7 40. a5 bxa5 41. Bxa5 Kd7 42. Bc3 Kc7 43. Ka3 Kb6 44. Ka4 Nxb3 45. Kxb3 1-0

[Event "December 12 Early 2023"]
[Site "https://www.chess.com"]
[Date "2023.12.12"]
[Round "6"]
[White "Aghasiyev, Kamal"]
[Black "Gruzman, Ilya"]
[Result "1-0"]
[Board "101"]
[TimeControl "180+1"]
[WhiteFideId "13402854"]
[BlackFideId "2812703"]
[WhiteElo "2571"]
[BlackElo "2371"]
[WhiteTeam "AZE"]
[BlackTeam "ISR"]
[WhiteClock "0:00:06"]
[BlackClock "0:00:05"]

1. d4 Nf6 2. c4 g6 3. Nc3 Bg7 4. e4 O-O 5. Be2 d6 6. Bg5 c5 7. d5 e6 8. Qd2 exd5 9. cxd5 Re8 10. f3 a6 11. a4 Nbd7 12. Nh3 Rb8 13. O-O Qc7 14. Nf2 c4 15. Rfc1 b5 16. axb5 axb5 17. b4 Ne5 18. Ra5 Bd7 19. Rca1 Nh5 20. Be3 Nd3 21. Ra7 Qc8 22. Bxd3 cxd3 23. R1a3 Rb7 24. Rxb7 Qxb7 25. Qxd3 Rc8 26. Nfd1 Qc7 27. g3 Bf6 28. Ra7 Qd8 29. Nxb5 Bxb5 30. Qxb5 Kg7 31. Qd7 Qxd7 32. Rxd7 Be5 33. b5 Rc2 34. b6 Rc4 35. Rc7 Rb4 36. Kf1 Nf6 37. Ke2 h5 38. b7 Ne8 39. Re7 Bf6 40. Rxe8 Rxb7 41. f4 Rc7 42. e5 dxe5 43. fxe5 Be7 44. d6 Bxd6 45. exd6 Rd7 46. Bf4 g5 47. Bxg5 Rxd6 48. Ne3 Rg6 49. Bf4 Ra6 50. Kf3 Ra2 51. Re4 Rxh2 52. Nf5+ Kg6 53. Nh4+ Kf6 54. Ra4 Rb2 55. Ra6+ Ke7 56. Nf5+ Kd7 57. Ra7+ Ke6 58. Ng7+ Kf6 59. Nxh5+ Kg6 60. g4 Rb3+ 61. Kg2 Rb2+ 62. Kh3 Rb3+ 63. Ng3 Rb6 64. Rd7 Rb4 65. Rd6+ f6 66. Nh5 Rb3+ 67. Kh4 Rb1 68. Rxf6+ Kh7 69. Kg5 Rb5+ 70. Rf5 Rb7 71. Nf6+ Kh8 72. Be5 Ra7 73. Nh5+ Kg8 74. Rf6 Ra5 75. Kf5 Ra7 76. g5 Kh7 77. Rh6+ Kg8 78. Rh8+ Kf7 79. Rh7+ Kg8 80. Rxa7 Kf8 81. Bd6+ Ke8 82. Ke6 Kd8 83. Ra8# 1-0

[Event "December 12 Early 2023"]
[Site "https://www.chess.com"]
[Date "2023.12.12"]
[Round "6"]
[White "Andreev, Konstantin"]
[Black "Chlpik, Martin"]
[Result "0-1"]
[Board "102"]
[TimeControl "180+1"]
[WhiteFideId "24239305"]
[BlackFideId "14923351"]
[WhiteElo "2560"]
[BlackElo "2351"]
[WhiteTeam "ITA"]
[BlackTeam "SVK"]
[WhiteClock "0:01:37"]
[BlackClock "0:01:00"]

1. e4 c5 2. Nf3 d6 3. d4 cxd4 4. Nxd4 Nf6 5. Nc3 a6 6. h4 e5 7. Nb3 b5 8. a4 b4 9. Nd5 Nxd5 10. exd5 Ra7 11. Be3 Rb7 12. a5 Be7 13. Bb6 Qd7 14. Qd2 O-O 15. O-O-O Bd8 16. Be3 Qa4 17. Kb1 Bxa5 18. Nxa5 Qxa5 19. f4 Nd7 20. g4 Nc5 21. Bxc5 Qxc5 22. f5 b3 23. cxb3 Rxb3 24. Bd3 Bd7 25. f6 Rfb8 26. Rc1 Qd4 27. Rc2 Qxd3 28. Qxd3 Rxd3 29. g5 Bf5 30. Ka2 Rxd5 0-1

[Event "December 12 Early 2023"]
[Site "https://www.chess.com"]
[Date "2023.12.12"]
[Round "6"]
[White "Santos Flores, Alberto"]
[Black "Tuleyeva-Aketayeva, Dana"]
[Result "1-0"]
[Board "103"]
[TimeControl "180+1"]
[WhiteFideId "3601234"]
[BlackFideId "13701932"]
[WhiteElo "2550"]
[BlackElo "2323"]
[WhiteTeam "ECU"]
[BlackTeam "KAZ"]
[WhiteClock "0:02:11"]
[BlackClock "0:00:00"]

1. e4 c5 2. Nf3 Nc6 3. Nc3 g6 4. d4 cxd4 5. Nxd4 Bg7 6. Be3 Nf6 7. Bc4 O-O 8. Bb3 d6 9. f3 Bd7 10. Qd2 Re8 11. h4 a5 12. a4 Nxd4 13. Bxd4 e5 14. Be3 Be6 15. Bxe6 fxe6 16. O-O-O d5 17. exd5 exd5 18. Nxd5 Kh8 19. Bg5 Qxd5 20. Qxd5 Nxd5 21. Rxd5 Rac8 22. Bd2 Rc4 23. b3 Rc6 24. Bxa5 Rec8 25. c4 Bh6+ 26. Kc2 Bf4 27. Bc3 Kg8 28. Bxe5 Bxe5 29. Rxe5 Rd8 30. Rd1 Rcd6 31. Rxd6 Rxd6 32. Rd5 Rf6 33. Kc3 Rf4 34. Rd4 1-0

[Event "December 12 Early 2023"]
[Site "https://www.chess.com"]
[Date "2023.12.12"]
[Round "6"]
[White "Ginzburg, Yakov"]
[Black "Player, Edmund C"]
[Result "1/2-1/2"]
[Board "104"]
[TimeControl "180+1"]
[WhiteFideId "4157176"]
[BlackFideId "406520"]
[WhiteElo "2547"]
[BlackElo "2279"]
[WhiteTeam "RUS"]
[BlackTeam "ENG"]
[WhiteClock "0:00:28"]
[BlackClock "0:00:20"]

1. e4 c6 2. d4 d5 3. Nc3 dxe4 4. Nxe4 Nf6 5. Nxf6+ exf6 6. Bc4 Bd6 7. Ne2 O-O 8. O-O Bg4 9. Qd3 Nd7 10. h3 Bh5 11. Nf4 Bxf4 12. Bxf4 Bg6 13. Qd2 Nb6 14. Bb3 Nd5 15. c3 Re8 16. Rfe1 Qd7 17. Bg3 h5 18. Rxe8+ Rxe8 19. Re1 Rxe1+ 20. Qxe1 Qe6 21. Qxe6 fxe6 22. Bb8 a6 23. a3 Kf7 24. c4 Nb6 25. Bc7 Nd7 26. Bd6 Bd3 27. d5 exd5 28. cxd5 c5 29. Bc7 c4 30. Bd1 Be4 31. Bxh5+ g6 32. Be2 Bxd5 33. g4 b5 34. h4 Nc5 35. Bb6 Nd3 36. Bd4 Nc1 37. Bd1 Be4 38. h5 gxh5 39. gxh5 Kg7 40. f3 Bf5 41. Kf2 Nd3+ 42. Kg3 Kh6 43. f4 Kg7 44. Bf3 a5 45. Bb6 Nxb2 46. Bxa5 Nd3 47. Bc3 Bd7 48. Be4 Nc5 49. Bc2 Nd3 50. Kf3 Kh6 51. Bxf6 Kxh5 52. Bc3 Kg6 53. Ke4 Bf5+ 54. Kd4 Nxf4 55. Bd1 Bd3 56. Kc5 Ne2 57. Bxe2 Bxe2 58. Kxb5 Kf5 59. a4 Ke4 60. a5 Kd3 61. Kb4 Bf3 62. a6 Ba8 63. a7 Bb7 64. Bf6 Ba8 65. Be5 Bb7 66. Bg7 Ba8 67. Kc5 Bb7 68. Kb6 Ba8 69. Kc5 Be4 70. Kb6 Ba8 71. Kc7 Be4 72. Kb6 c3 73. Kc5 c2 74. Bh6 Bf3 75. Bc1 Ba8 76. Kb4 Be4 77. Kb3 Ke2 78. Kc3 Kd1 79. Kb2 Bc6 80. Bf4 Bb7 81. Bg5 Ba8 82. Bh6 Bb7 83. Bg5 Ba8 84. Bh6 Bb7 85. Bf4 Ba8 86. Be3 Bb7 87. a8=Q Bxa8 88. Bf4 Bb7 89. Bc1 Ba8 90. Bf4 Bb7 91. Bc1 Bc6 92. Bg5 Bd5 93. Bc1 Be4 94. Bg5 Bf3 95. Bc1 Be2 96. Bg5 c1=Q+ 97. Bxc1 1/2-1/2

[Event "December 12 Early 2023"]
[Site "https://www.chess.com"]
[Date "2023.12.12"]
[Round "6"]
[White "Pertinez Soria, Juan Luis"]
[Black "Estrada Nieto, Julian"]
[Result "0-1"]
[Board "105"]
[TimeControl "180+1"]
[WhiteFideId "2225620"]
[BlackFideId "5101018"]
[WhiteElo "2219"]
[BlackElo "2529"]
[WhiteTeam "ESP"]
[BlackTeam "ESP"]
[WhiteClock "0:00:00"]
[BlackClock "0:00:33"]

1. e4 e5 2. Nf3 Nc6 3. Bc4 Bc5 4. d3 Nf6 5. c3 d6 6. Nbd2 a6 7. Bb3 Ba7 8. h3 h6 9. a4 Be6 10. Bc2 d5 11. Qe2 d4 12. Nc4 Bxc4 13. dxc4 Nd7 14. O-O O-O 15. Rd1 Qe7 16. Bd2 Rfd8 17. Be1 Nf8 18. Ra3 Ne6 19. g3 dxc3 20. Bxc3 Ncd4 21. Bxd4 Bxd4 22. Rb3 c6 23. Ne1 Rd7 24. Bb1 Rad8 25. Rbd3 Nc5 26. R3d2 Nxa4 27. Kg2 a5 28. f4 Nc5 29. Nf3 a4 30. fxe5 Bxe5 31. Nxe5 Qxe5 32. Rxd7 Rxd7 33. Rxd7 Nxd7 34. Qd2 Nc5 35. Qd8+ Kh7 36. Qd2 Nxe4 37. Qc2 f5 38. g4 Qg3+ 39. Kf1 Qxh3+ 40. Ke1 Qh1+ 41. Ke2 Qg2+ 42. Ke3 Qg1+ 43. Kf4 Qxg4+ 44. Ke5 Qg5 45. Ke6 Qf6+ 46. Kd7 Nc5+ 0-1

[Event "December 12 Early 2023"]
[Site "https://www.chess.com"]
[Date "2023.12.12"]
[Round "6"]
[White "Batsiashvili, Nino"]
[Black "Monpeurt, Cyrielle"]
[Result "0-1"]
[Board "106"]
[TimeControl "180+1"]
[WhiteFideId "13602993"]
[BlackFideId "677400"]
[WhiteElo "2526"]
[BlackElo "2261"]
[WhiteTeam "GEO"]
[BlackTeam "FRA"]
[WhiteClock "0:00:00"]
[BlackClock "0:00:34"]

1. e4 d5 2. exd5 Qxd5 3. Nc3 Qd6 4. d4 Nf6 5. Bc4 Nc6 6. Nge2 Bg4 7. h3 Bh5 8. g4 Bg6 9. Bf4 Qb4 10. Bb3 O-O-O 11. a3 Qb6 12. d5 Na5 13. Na4 Qa6 14. Ba2 Nxd5 15. Bxd5 e6 16. Bxe6+ Qxe6 17. Qc1 Qe4 18. Rg1 Qxa4 19. Rg3 Bd6 20. b3 Qc6 21. Bxd6 Rxd6 22. Kf1 Qh1+ 23. Ng1 Qe4 24. Rc3 Rhd8 25. Nf3 Nc6 26. b4 Nd4 27. Nxd4 Rxd4 28. Kg1 h5 0-1

[Event "December 12 Early 2023"]
[Site "https://www.chess.com"]
[Date "2023.12.12"]
[Round "6"]
[White "Liu, Casper"]
[Black "Kamsky, Gata"]
[Result "0-1"]
[Board "107"]
[TimeControl "180+1"]
[WhiteFideId "1454153"]
[BlackFideId "2000024"]
[WhiteElo "2451"]
[BlackElo "2884"]
[WhiteTeam "DEN"]
[BlackTeam "USA"]
[WhiteClock "0:00:17"]
[BlackClock "0:02:14"]

1. f4 d5 2. Nf3 Nf6 3. e3 c5 4. g3 Nc6 5. Bg2 g6 6. O-O Bg7 7. d3 O-O 8. Nc3 d4 9. exd4 cxd4 10. Ne4 Nd5 11. Re1 Qb6 12. Kh1 h6 13. Ned2 Ne3 14. Nc4 Nxd1 15. Nxb6 axb6 16. Rxd1 Nb4 17. Ne1 Bg4 18. Rd2 Rxa2 19. Rb1 Rfa8 20. Bxb7 Ra1 0-1

[Event "December 12 Early 2023"]
[Site "https://www.chess.com"]
[Date "2023.12.12"]
[Round "6"]
[White "Wu, Derek"]
[Black "Lopusiewicz, Piotr"]
[Result "1-0"]
[Board "108"]
[TimeControl "180+1"]
[WhiteFideId "30914558"]
[BlackFideId "1116029"]
[WhiteElo "2692"]
[BlackElo "2447"]
[WhiteTeam "USA"]
[BlackTeam "POL"]
[WhiteClock "0:00:10"]
[BlackClock "0:00:01"]

1. e4 c5 2. Nf3 e6 3. b3 d5 4. exd5 Qxd5 5. Nc3 Qd7 6. Bb5 Nc6 7. Ne5 Qc7 8. Nxc6 bxc6 9. Bc4 Be7 10. O-O Bf6 11. Ba3 Qa5 12. Na4 Ne7 13. Bxc5 Bxa1 14. Qxa1 f6 15. Re1 Qxd2 16. Bxe6 Bxe6 17. Rxe6 O-O-O 18. Rxe7 Qxc2 19. Re1 Rd5 20. Bxa7 Kb7 21. Be3 Rhd8 22. Nc3 Rd3 23. h4 Qxc3 24. Qxc3 Rxc3 25. Re2 Re8 26. Kh2 Rd3 27. Kg3 Re4 28. Rc2 f5 29. h5 f4+ 30. Kf3 Rb4 31. Ke2 Rd5 32. Bc5 Re4+ 33. Kf3 Ree5 34. b4 Rxh5 35. Kxf4 Rh4+ 36. Kg3 Re4 37. f3 Re6 38. a4 h5 39. a5 Rde5 40. Ra2 Ka6 41. Rd2 Re2 42. Rd7 Rg6+ 43. Kf4 Rexg2 44. Ra7+ Kb5 45. Rb7+ Kc4 46. a6 Rf6+ 47. Ke3 Re6+ 48. Kf4 Ra2 49. a7 h4 50. Rxg7 h3 51. Rh7 Rf6+ 52. Ke4 Re6+ 53. Kf5 Re8 54. Rxh3 Ra8 55. Rh7 Kd5 56. f4 Kc4 57. Rd7 Re2 58. Kf6 Kb5 59. f5 Ree8 60. Rb7+ Kc4 61. Re7 Rf8+ 62. Ke6 Rg8 63. f6 Rad8 64. f7 Rh8 65. Rd7 Rc8 66. f8=Q Rcxf8 67. Bxf8 Rxf8 68. Rb7 c5 69. bxc5 Kxc5 70. Rb8 1-0

[Event "December 12 Early 2023"]
[Site "https://www.chess.com"]
[Date "2023.12.12"]
[Round "6"]
[White "Yaran, Siar"]
[Black "Pourkashiyan, Atousa"]
[Result "1-0"]
[Board "109"]
[TimeControl "180+1"]
[WhiteFideId "6323006"]
[BlackFideId "12502014"]
[WhiteElo "2673"]
[BlackElo "2444"]
[WhiteTeam "TUR"]
[BlackTeam "USA"]
[WhiteClock "0:00:11"]
[BlackClock "0:00:00"]

1. Nf3 d5 2. c4 e6 3. g3 Nf6 4. Bg2 Be7 5. O-O d4 6. e3 c5 7. b4 Nc6 8. b5 Nb8 9. exd4 cxd4 10. d3 O-O 11. Nbd2 Nfd7 12. Re1 f6 13. Nb3 e5 14. Nh4 Bb4 15. Bd5+ Kh8 16. Ng6+ hxg6 17. Qg4 Rf7 18. Qxg6 Nf8 19. Qxf7 Nh7 20. Re4 Qf8 21. Qg6 1-0

[Event "December 12 Early 2023"]
[Site "https://www.chess.com"]
[Date "2023.12.12"]
[Round "6"]
[White "Hua, Lefong"]
[Black "Khromkin, Andrey"]
[Result "0-1"]
[Board "110"]
[TimeControl "180+1"]
[WhiteFideId "2602253"]
[BlackFideId "4154126"]
[WhiteElo "2666"]
[BlackElo "2443"]
[WhiteTeam "CAN"]
[BlackTeam "RUS"]
[WhiteClock "0:00:35"]
[BlackClock "0:01:03"]

1. d4 d5 2. c4 dxc4 3. Nf3 a6 4. a4 Nc6 5. e3 Bg4 6. Bxc4 e6 7. O-O Nf6 8. Nc3 Bd6 9. h3 Bh5 10. Be2 O-O 11. b3 Qe7 12. Bb2 Rad8 13. Nd2 Bxe2 14. Qxe2 e5 15. d5 Nb4 16. e4 c6 17. dxc6 Nxc6 18. Nd5 Nxd5 19. exd5 Nd4 20. Qd3 Bb8 21. Bxd4 Rxd5 22. Nf3 exd4 23. Rad1 Rfd8 24. Rfe1 Qc7 25. g3 g6 26. Rc1 Rc5 27. Rxc5 Qxc5 28. Rd1 Rd6 29. Qe4 Ba7 30. Rd3 b5 31. axb5 axb5 32. b4 Qd5 33. Qe8+ Kg7 34. h4 Re6 35. Qc8 Qc4 36. Qxc4 bxc4 37. Rd1 d3 38. Kf1 Re2 39. Rd2 Rxd2 40. Nxd2 c3 0-1

[Event "December 12 Early 2023"]
[Site "https://www.chess.com"]
[Date "2023.12.12"]
[Round "6"]
[White "Kislinsky, Alexey"]
[Black "Horcajuelo Rocamora, Martin"]
[Result "1-0"]
[Board "111"]
[TimeControl "180+1"]
[WhiteFideId "14108801"]
[BlackFideId "24573027"]
[WhiteElo "2645"]
[BlackElo "2437"]
[WhiteTeam "CZE"]
[BlackTeam "ESP"]
[WhiteClock "0:02:13"]
[BlackClock "0:01:25"]

1. e4 c5 2. Nf3 e6 3. c3 d5 4. e5 d4 5. Bd3 Nc6 6. O-O Nge7 7. Re1 Ng6 8. g3 Be7 9. h4 Qc7 10. Qe2 Bd8 11. h5 Nge7 12. Na3 a6 13. Nc4 Nf5 14. Bxf5 exf5 15. Nd6+ Kf8 16. d3 Be6 17. h6 g6 18. Bf4 Qd7 19. Qd2 Be7 20. Rac1 dxc3 21. bxc3 b6 22. d4 cxd4 23. Nxd4 Nxd4 24. cxd4 Bd5 25. Bg5 Bxd6 26. exd6 Qxd6 27. Be7+ Qxe7 28. Rxe7 Kxe7 29. Qe3+ 1-0

[Event "December 12 Early 2023"]
[Site "https://www.chess.com"]
[Date "2023.12.12"]
[Round "6"]
[White "Souleidis, Georgios"]
[Black "Latorre, Vincent"]
[Result "1-0"]
[Board "112"]
[TimeControl "180+1"]
[WhiteFideId "4206827"]
[BlackFideId "2636891"]
[WhiteElo "2633"]
[BlackElo "2426"]
[WhiteTeam "GRE"]
[BlackTeam "CAN"]
[WhiteClock "0:00:24"]
[BlackClock "0:00:00"]

1. e4 e5 2. Nf3 Nc6 3. Bc4 Nf6 4. d3 h6 5. a4 d6 6. Nc3 g6 7. O-O Bg7 8. Be3 O-O 9. h3 Qe7 10. a5 a6 11. Re1 Be6 12. Nd5 Qd8 13. Qd2 Kh7 14. Nxf6+ Qxf6 15. Ng5+ hxg5 16. Bxg5 Bh6 17. Bxh6 Rfe8 18. Bxe6 Qxe6 19. Be3 d5 20. exd5 Qxd5 21. Qc3 Rad8 22. Ra4 f6 23. Qc4 Qxc4 24. Rxc4 Rd5 25. b4 Kg7 26. f3 Re7 27. Bc5 Red7 28. Kf2 Nd8 29. Be3 Ne6 30. Rb1 c6 31. h4 f5 32. g3 Kf6 33. Rh1 Rh7 34. Kg2 Rd8 35. Bb6 Rdh8 36. Re1 g5 37. Rh1 f4 38. hxg5+ Kxg5 39. Rxh7 Rxh7 40. Bf2 Kf5 41. g4+ Kf6 42. Re4 Ng5 43. Re1 Ne6 44. c3 Nc7 45. d4 exd4 46. Bxd4+ Kg6 47. c4 1-0

[Event "December 12 Early 2023"]
[Site "https://www.chess.com"]
[Date "2023.12.12"]
[Round "6"]
[White "Sahin, Sarp"]
[Black "Thorfinnsson, Bjorn"]
[Result "1-0"]
[Board "113"]
[TimeControl "180+1"]
[WhiteFideId "51605066"]
[BlackFideId "2300982"]
[WhiteElo "2426"]
[BlackElo "2613"]
[WhiteTeam "TUR"]
[BlackTeam "ISL"]
[WhiteClock "0:00:26"]
[BlackClock "0:00:00"]

1. e4 e5 2. Nf3 Nc6 3. Bb5 Nge7 4. O-O d6 5. c3 Bd7 6. d4 Ng6 7. d5 Nb8 8. Bxd7+ Nxd7 9. c4 Be7 10. Nc3 O-O 11. Be3 a5 12. a3 b6 13. b4 h6 14. Nb5 f5 15. exf5 Rxf5 16. Qc2 Rf6 17. Nd2 Nf4 18. g3 Ng6 19. Ne4 Rf7 20. Nexd6 Bxd6 21. Qxg6 Nf8 22. Qg4 axb4 23. axb4 Bxb4 24. Bxh6 Rxa1 25. Rxa1 Bc5 26. Rf1 Qf6 27. Bg5 Qg6 28. h4 Qc2 29. Be3 Nd7 30. Nxc7 Nf6 31. Qc8+ Rf8 32. Qe6+ Kh7 33. Bxc5 bxc5 34. Qxe5 Qxc4 35. Ne6 Ra8 36. Qg5 Ra7 37. Rd1 Qe2 38. Qf5+ Kg8 39. Rb1 Ra8 40. Rb7 Nh5 41. Ng5 Nf6 42. Qg6 1-0

[Event "December 12 Early 2023"]
[Site "https://www.chess.com"]
[Date "2023.12.12"]
[Round "6"]
[White "Novikov, Evgenij"]
[Black "Rios Escobar, Adan"]
[Result "1-0"]
[Board "114"]
[TimeControl "180+1"]
[WhiteFideId "4125380"]
[BlackFideId "3403645"]
[WhiteElo "2597"]
[BlackElo "2424"]
[WhiteTeam "RUS"]
[BlackTeam "CHI"]
[WhiteClock "0:00:03"]
[BlackClock "0:00:00"]

1. c4 Nf6 2. Nf3 g6 3. Nc3 Bg7 4. e4 d6 5. d4 O-O 6. Be2 Na6 7. O-O e5 8. d5 Nc5 9. Qc2 a5 10. Bg5 h6 11. Be3 Ne8 12. Ne1 f5 13. exf5 gxf5 14. f4 e4 15. Qd2 Nf6 16. Nc2 Qe7 17. Kh1 Kh8 18. Nd4 Bd7 19. b3 Rf7 20. a3 Nd3 21. Bxd3 exd3 22. Qxd3 Ne4 23. Nxe4 fxe4 24. Qd2 c5 25. dxc6 bxc6 26. Rab1 Kh7 27. b4 axb4 28. axb4 Ra3 29. b5 Rd3 30. Qf2 cxb5 31. cxb5 Bc8 32. Nc6 Qf6 33. Rfd1 Bb7 34. Na5 Qc3 35. Nxb7 Rxb7 36. Rxd3 Qxd3 37. Re1 Rxb5 38. f5 Rb1 39. h4 Rxe1+ 40. Qxe1 Qc3 41. Qg3 Qa1+ 42. Bg1 Qf6 43. Qf4 Qe5 44. Qf2 Bf6 45. g4 d5 46. Bh2 Qa1+ 47. Kg2 d4 48. Bf4 e3 49. Qe2 Qa8+ 50. Kg3 Qe4 51. g5 hxg5 52. hxg5 Be5 53. Qh5+ Kg8 54. Qg6+ Kf8 55. Qh6+ 1-0

[Event "December 12 Early 2023"]
[Site "https://www.chess.com"]
[Date "2023.12.12"]
[Round "6"]
[White "Janaszak, Dawid"]
[Black "Marchesich, Giovanni"]
[Result "1/2-1/2"]
[Board "115"]
[TimeControl "180+1"]
[WhiteFideId "1119206"]
[BlackFideId "2824790"]
[WhiteElo "2594"]
[BlackElo "2423"]
[WhiteTeam "POL"]
[BlackTeam "ITA"]
[WhiteClock "0:00:30"]
[BlackClock "0:00:05"]

1. c4 b6 2. e4 e5 3. f4 exf4 4. Nf3 Bb7 5. Nc3 g5 6. d4 g4 7. Ne5 Qh4+ 8. Kd2 h5 9. Nd5 Qf2+ 10. Kc3 Bxd5 11. cxd5 Nf6 12. Bd3 a5 13. a3 Bb4+ 14. Kb3 Qxd4 15. Bxf4 Bd6 16. Bd2 Qxe5 17. Bc3 Qe7 18. e5 Nxd5 19. exd6 Nxc3 20. Re1 Nxd1 21. Rxe7+ Kd8 22. Rxd1 Nc6 23. Rxf7 cxd6 24. Bb5 Ne5 25. Rg7 Kc7 26. Rc1+ Kb7 27. Bxd7 Nxd7 28. Rxd7+ Ka6 29. Rxd6 Rad8 30. Rcc6 Rxd6 31. Rxd6 h4 32. a4 Re8 33. Rg6 Re3+ 34. Ka2 g3 35. h3 Re2 36. Rg4 Rxg2 37. Rxh4 Rh2 38. Kb3 g2 39. Rg4 Rxh3+ 40. Ka2 Rh2 41. Rg7 Rh4 42. Rxg2 Rxa4+ 43. Kb3 Rb4+ 44. Ka3 Rb5 45. Rg7 Rc5 46. b3 Rb5 47. Rg6 Rb4 48. Rg7 Kb5 49. Rg5+ Kc6 50. Rg6+ Kd5 51. Rg5+ Kd4 52. Rg4+ Kc3 53. Rg3+ Kd2 54. Rh3 Rd4 55. Rh6 Rb4 56. Rh3 Ke2 57. Rg3 Kf2 58. Rc3 Ke2 59. Rh3 Kd2 60. Rg3 Rb5 61. Rg2+ Kc3 62. Rg3+ Kd4 63. Rh3 Kc5 64. Rh5+ Kc6 65. Rh7 Rc5 66. Rh6+ Kb5 67. Rh3 Rd5 68. Rg3 Rd4 69. Rg5+ Ka6 70. Rg3 Re4 71. Rg6 Re5 72. Ka4 Re4+ 73. Ka3 Re7 74. Rh6 Rc7 75. Rg6 Kb5 76. Rg5+ Rc5 77. Rg6 Rc6 78. Rg5+ Ka6 79. Rg4 b5 80. Rg8 Kb6 81. Rb8+ Ka6 82. Ra8+ Kb6 83. Rb8+ Kc5 84. Ra8 Kb6 85. Rb8+ 1/2-1/2

[Event "December 12 Early 2023"]
[Site "https://www.chess.com"]
[Date "2023.12.12"]
[Round "6"]
[White "Shubenkova, Veronika"]
[Black "Sari, Yasin"]
[Result "1-0"]
[Board "116"]
[TimeControl "180+1"]
[WhiteFideId "44124040"]
[BlackFideId "6320902"]
[WhiteElo "2582"]
[BlackElo "2421"]
[WhiteTeam "RUS"]
[BlackTeam "TUR"]
[WhiteClock "0:00:44"]
[BlackClock "0:00:13"]

1. d4 d5 2. e3 Nf6 3. f4 b6 4. Nf3 Ba6 5. Bxa6 Nxa6 6. c3 c6 7. Qa4 Qc8 8. Ne5 b5 9. Qd1 e6 10. Nd2 Be7 11. Qe2 O-O 12. a4 b4 13. O-O Rb8 14. c4 c5 15. cxd5 exd5 16. f5 c4 17. Ndf3 Qxf5 18. Nc6 Rb7 19. Nfe5 Qe6 20. b3 Nb8 21. Nxe7+ Rxe7 22. bxc4 Nc6 23. cxd5 Nxd5 24. Nxc6 Qxc6 25. Bd2 Nc3 26. Qd3 a5 27. Bxc3 bxc3 28. Rac1 Rc8 29. Rc2 Qc4 30. Qf5 Qxa4 31. Qxc8+ Re8 32. Qxc3 1-0